 Dungeon Crawl Stone Soup version 0.28.0-45-g0d030f2227 (webtiles) character file.

Game seed: 2686685401263976173

2072 Descartes the Ruffian (level 9, -1/88 HPs)
             Began as a Troll Delver on Apr 13, 2022.
             Slain by a spriggan
             ... wielding a +0 spear
              (9 damage)
             ... in a bailey.
             The game lasted 00:04:17 (2496 turns).

Descartes the Ruffian (Troll Delver)                Turns: 2496, Time: 00:04:18

Health: -1/88      AC:  6    Str: 22    XL:     9   Next: 5%
Magic:  8/8        EV: 15    Int: 10    God:
Gold:   114        SH:  0    Dex: 11    Spells: 8/8 levels left

rFire   . . .      SeeInvis .     - Unarmed
rCold   . . .      Faith    .   (no shield)
rNeg    . . .      Spirit   .   a - +0 robe
rPois   .          Reflect  .   o - +2 hat
rElec   .          Harm     .   (no cloak)
rCorr   .          Rampage  .   (gloves unavailable)
Will    +....                   (boots unavailable)
Stlth   +++.......              (no amulet)
HPRegen 1.04/turn               l - ring of willpower
MPRegen 0.11/turn               m - +4 ring of evasion

@: no status effects
A: large, unfitting armour, claws 3, regeneration 1, shaggy fur 1, tough skin 1
a: no special abilities


You were in a bailey.
You visited 2 branches of the dungeon, and saw 4 of its levels.
You also visited: Bailey.

You collected 114 gold pieces.

Inventory:

Missiles
 g - 83 stones (quivered)
 i - 3 boomerangs
 j - 11 poisoned darts
 n - a silver boomerang
Armour
 a - a +0 robe (worn)
 o - a +2 hat (worn)
Jewellery
 l - a ring of willpower (left claw)
 m - a +4 ring of evasion (right claw)
 p - a ring of protection from fire
Wands
 f - a wand of digging (2)
Scrolls
 b - a scroll of fog
 d - a scroll of fear
 k - 2 scrolls of teleportation {unknown}
 q - a scroll of blinking {unknown}
 s - a scroll of noise {unknown}
Potions
 e - a potion of haste
 h - a potion of curing {unknown}
 r - a potion of flight {unknown}


   Skills:
 - Level 5.1 Fighting
 - Level 5.0 Dodging
 + Level 4.9 Stealth
 + Level 6.5 Unarmed Combat


You had 8 spell levels left.
You didn't know any spells.
Your spell library was empty.

Dungeon Overview and Level Annotations

Branches:
Dungeon (7/15)             Temple (1/1) D:5          Bailey (1/1)

Altars:
Ashenzari
Cheibriados
Kikubaaqudgha
Makhleb
Nemelex Xobeh
Qazlal
Ru
Sif Muna
Trog
Uskayaw
Wu Jian
Xom
Yredelemnul
The Shining One
Beogh


Innate Abilities, Weirdness & Mutations

You are too large for most types of armour.
You have claws for hands.
Your natural rate of healing is unusually fast.
You are covered in fur. (AC +1)
You have tough skin. (AC +1)


Message History

The spriggan shouts!
You hear a shout!
The spriggan hits you with a +0 spear!
You barely miss the spriggan.
The spriggan is lightly wounded.
The spriggan barely misses you.
You scratch the spriggan.
The spriggan is moderately wounded.
The spriggan hits you from afar with a +0 spear!
The spriggan hits you with a +0 spear!
You barely miss the spriggan.
The spriggan is moderately wounded.
The spriggan closely misses you.
You barely miss the spriggan.
The spriggan is moderately wounded.
The spriggan barely misses you.
You barely miss the spriggan. Your claw misses the spriggan.
The spriggan is moderately wounded.
The spriggan barely misses you. The spriggan misses you.
You closely miss the spriggan.
The spriggan is moderately wounded.
The spriggan hits you from afar with a +0 spear!
The spriggan closely misses you.
You miss the spriggan.
The spriggan is moderately wounded.
The spriggan hits you from afar with a +0 spear.
The spriggan hits you with a +0 spear.
You closely miss the spriggan.
The spriggan is moderately wounded.
The spriggan hits you from afar with a +0 spear.
The spriggan hits you with a +0 spear!
* * * LOW HITPOINT WARNING * * *
You miss the spriggan.
The spriggan is moderately wounded.
The spriggan hits you from afar with a +0 spear!
* * * LOW HITPOINT WARNING * * *
The spriggan closely misses you.
You barely miss the spriggan. Your claw misses the spriggan.
The spriggan is moderately wounded.
The spriggan hits you from afar with a +0 spear!
You die...

#########
##.......##
##).)...)..## #
##..#♣♣###♣..##
## ##..##
....#♣..## .#
##..##
...##).##
.###..##
♣i.#...#
.≈≈≈..# ♣@♣...#
.≈≈≈..# ♣.#≈..#
.≈≈≈..# ♣i≈≈..#
.≈≈≈..# ♣.#≈..#
.≈≈≈..# ♣.#...#
.###..##
..#...# .#
##..♣# ..##..##
## ##..♣#
..##..## #
##..##♣#♣♣#..##


You could see 2 spriggans.

Vanquished Creatures
  A moth of wrath (D:6)
  The ghost of DearestLeader the Grasshopper, an amateur GnWr (D:5)
  A spriggan (Bailey)
  An ice beast (D:6)
  2 black bears (D:6)
  4 ogres (Bailey)
  A phantom (D:5)
  A kobold brigand (D:6)
  A scorpion (D:5)
  A bullfrog zombie (D:5)
  A centaur skeleton (D:7)
  A jelly (D:5)
  An orc priest (D:5)
  4 hounds (D:5)
  3 bullfrog skeletons (D:5)
  6 iguanas
  2 orc wizards (D:7)
  An ufetubus (D:5)
  An adder zombie (D:5)
  2 worms (D:6)
  A dart slug (D:5)
  14 orcs
  2 kobolds (D:6)
  3 rats (D:6)
56 creatures vanquished.

Notes
Turn   | Place    | Note
-------+----------+-------------------------------------------
     0 | D:5      | Descartes the Troll Delver began the quest for the Orb.
     0 | D:5      | Reached XP level 1. HP: 22/22 MP: 0/0
    34 | D:5      | Reached XP level 2. HP: 12/29 MP: 1/1
   110 | D:5      | Reached XP level 3. HP: 12/36 MP: 2/2
   113 | D:5      | Reached XP level 4. HP: 18/45 MP: 3/3
   226 | D:5      | Noticed a phantom
   237 | D:5      | Reached skill level 3 in Unarmed Combat
   249 | D:5      | Killed a phantom
   250 | D:5      | Reached XP level 5. HP: 32/53 MP: 4/4
   298 | D:5      | Reached XP level 6. HP: 56/61 MP: 5/5
   563 | D:5      | Found a staircase to the Ecumenical Temple.
   571 | Temple   | Entered the Ecumenical Temple
   971 | D:5      | Found a runed translucent gate.
   972 | D:5      | Found a runed translucent gate.
   973 | D:5      | Found a runed translucent gate.
   974 | D:5      | Noticed DearestLeader's ghost (amateur GnWr)
  1116 | D:5      | Reached skill level 4 in Unarmed Combat
  1405 | D:5      | Killed DearestLeader's ghost
  1406 | D:5      | Reached XP level 7. HP: 37/70 MP: 6/6
  1740 | D:6      | Reached skill level 5 in Unarmed Combat
  1740 | D:6      | Reached XP level 8. HP: 71/79 MP: 7/7
  1942 | D:6      | Noticed a moth of wrath
  1944 | D:6      | Found a bloodstained altar of Trog.
  1991 | D:6      | Killed a moth of wrath
  1992 | D:6      | Reached skill level 5 in Fighting
  2278 | D:7      | Found an ornate altar of the Wu Jian Council.
  2288 | D:7      | Found a flagged portal.
  2302 | Bailey   | Entered a bailey
  2325 | Bailey   | Reached skill level 5 in Dodging
  2325 | Bailey   | Reached skill level 6 in Unarmed Combat
  2382 | Bailey   | Reached XP level 9. HP: 35/88 MP: 8/8
  2496 | Bailey   | Slain by a spriggan

Illustrated notes

Levels and vault maps discovered:
D:5:      layout_loops_corners, temple_green, biasface_ghost_orc_armoury
D:6:      nicolae_cairo_tiling, layout_basic, tgw_trog
D:7:      layout_basic, mainiacjoe_overflow_cross_hatched, enter_bailey_2,
          uniq_joseph, uniq_maggie
Temple:   minmay_temple_bridge_abc
Bailey:   bailey_polearm_enchanted_keep_hellmonk, bailey

Skill      XL: |  1  2  3  4  5  6  7  8 |
---------------+-------------------------+-----
Dodging        | 2 3 4 5 |  5.0
Stealth        | 3 4 |  4.9
Fighting       | 3 4 5 |  5.1
Unarmed Combat | 3 4 5 6 |  6.5

Action                   |  1- 3 |  4- 6 |  7- 9 || total
-------------------------+-------+-------+-------++-------
Melee: Unarmed           |    17 |   115 |   123 ||   255
       Punch             |       |     4 |     4 ||     8
Evoke: Wand              |       |       |     1 ||     1
  Use: Scroll            |       |       |     1 ||     1
 Stab: Sleeping          |       |     2 |     9 ||    11
Armor: Robe              |     2 |    19 |    25 ||    46
Dodge: Dodged            |     7 |    48 |    70 ||   125
